Connexion

Devils vs Eagles

Created - 17 septembre 2023 at 04:13

Goals
1 2 3 T
Devils 4 1 0 5
Eagles 3 0 1 4
Shots
1 2 3 T
Devils 15 8 5 28
Eagles 8 11 17 36

GoalsPenalties
1st period
1. Devils , Cal Clutterbuck 5 (Marc Staal 7, Pierre-Édouard Bellemarre 9) at 0:12
2. Eagles , Radek Faksa 3 (Branden Troock 8, Kris Russell 7) at 6:08
3. Devils , Stefan Fournier 3 (Eric Robinson 3, Cole Cassels 3) at 10:15
4. Eagles , Tyler Bozak 5 (Brayden Burke 6, Brett Kulak 14) at 10:34
5. Eagles , Radek Faksa 4 (Kris Russell 8) at 12:56
6. Devils , Samuel Houde 4 (Mackenzie MacEachern 4, Kirill Maksimov 3) at 15:48
7. Devils , Pierre-Édouard Bellemarre 4 (Zach Sanford 7, Ryan Murphy 15) at 17:04
Noel Hofenmayer (BIN) for Elbowing (Minor) at 3:49
Noel Hofenmayer (BIN) for Hooking (Minor) at 7:21
2nd period
8. Devils , Cal Clutterbuck 6 (Marc Staal 8, Zach Sanford 8) at 13:50
Matej Paulovic (COL) for Roughing (Minor) at 3:39
Ryan Murphy (BIN) for Roughing (Minor) at 9:23
3rd period
9. Eagles , Leo Komarov 5 (David Gustafsson 9, Brett Kulak 15) at 7:15
Pierre-Édouard Bellemarre (BIN) for Tripping (Minor) at 1:08
Cal Clutterbuck (BIN) for High sticking (Minor) at 16:09
Goalie Stats
Carey Price (BIN), 32 saves from 36 shots - (0,889), W, 8-5-0, 60:00 minutes
Zane McIntyre (COL), 7 saves from 7 shots - (1,000), 25:53 minutes
Cory Schneider (COL), 16 saves from 21 shots - (0,762), L, 6-11-2, 33:50 minutes
3 StarsOfficial
1 - Cal Clutterbuck (BIN)
2 - Zach Sanford (BIN)
3 - Pierre-Édouard Bellemarre (BIN)
Referees : Don VanMassenhoven and Mike Hasenfratz
Linesman : Mark Shewchyk and Shane Heyer
Game Note
Zane McIntyre enters game at 13:50 of 2nd period
Finance
Level 1 -- Attendance: 1529 (76,45%) -- Ticket Income 61 160 $
Level 2 -- Attendance: 605 (60,50%) -- Ticket Income 15 125 $
Total Attendance: 2134 (71,13%)
Total Ticket Income: 76 285 $
Other Income: 15 257 $
Total Income: 91 542 $



Team Name Goals Shots Shots Attemp Shots Blocked PIM HIT PP PK FO%
Devils 528591110330 / 1 (0%)049%
Eagles 43676112150 / 5 (0%)051%

Devils
Player Name POS G A P +/- PIM HIT SHT SB MP PP MP PP SHT PK MP PK SHT FO% FOT
Cal ClutterbuckLW/RW2023254016:370:0600:0000% 0
Carl DahlstromD000-1030015:440:0001:3700% 0
Cole CasselsC0110001011:480:0005:43040% 15
Dalton ThrowerD0001010019:290:4703:5900% 0
Doyle SomerbyD0001050420:520:4704:4600% 0
Eric RobinsonLW011001006:050:0000:0000% 0
Kirill MaksimovRW0110013011:240:4700:0000% 0
Mackenzie MacEachernLW0110012011:240:4700:0000% 0
Marc StaalD0221021125:021:1205:1000% 0
Noel HofenmayerD000-1411014:330:0000:2800% 0
Paul ByronC/LW/RW000-2071019:240:4704:21050% 20
Pavel GogolevLW000-2002019:461:0604:24133% 3
Pierre-Édouard BellemarreC/LW/RW1123204018:191:1210:00053% 30
Ryan MurphyD0111221324:171:1213:5000% 0
Samuel HoudeC1010001110:420:0000:05044% 9
Spencer FooRW000-2023015:581:0600:000100% 1
Stefan FournierLW/RW101000216:050:0000:0000% 0
Zach SanfordLW0223022122:310:0605:170100% 1
Eagles
Player Name POS G A P +/- PIM HIT SHT SB MP PP MP PP SHT PK MP PK SHT FO% FOT
Adam TambelliniC/LW000-100006:500:0000:00025% 4
Branden TroockRW0110018013:340:0000:150100% 1
Brayden BurkeC/LW/RW0110043019:384:5800:000100% 1
Brett KulakD022-2010224:575:5200:5700% 0
Cooper MarodyC/RW0000023020:405:2500:3500% 0
Dan RenoufD000-2002524:575:5210:5700% 0
David GustafssonC011-1014025:184:0201:09061% 28
Devante Smith-PellyRW000-100006:500:0000:0000% 1
Kris RussellD0222001012:240:0000:0000% 0
Leo KomarovLW1010007018:024:3020:1500% 1
Marc-Edouard VlasicD000-1011122:394:0301:0200% 0
Mark GiordanoD000-1021122:394:0311:0200% 0
Matej PaulovicLW0000201113:050:0000:0000% 0
Nikita TryamkinD0002010012:240:0000:0000% 0
Radek FaksaC2020002113:190:0000:00057% 14
Sebastien ReppoRW000000001:080:5500:0000% 2
Tyler BozakC1010002020:405:2510:35042% 24
William LockwoodRW0000021018:564:3001:09067% 3



Play-by-Play

1st period


0:01 of 1st period - Pierre-Édouard Bellemarre wins face-off versus David Gustafsson in neutral zone.
0:06 of 1st period - Shot by Pierre-Édouard Bellemarre.
0:06 of 1st period - Shot Blocked by Dan Renouf.
0:08 of 1st period - Shot by Marc Staal.
0:08 of 1st period - Shot Misses the Net.
0:12 of 1st period - Shot by Cal Clutterbuck.
0:12 of 1st period - Goal by Cal Clutterbuck - Devils : 1 - Eagles : 0.
0:13 of 1st period - Tyler Bozak wins face-off versus Paul Byron in neutral zone.
0:22 of 1st period - Brayden Burke is hit by Paul Byron and loses puck.
1:34 of 1st period - Shot by Mackenzie MacEachern.
1:34 of 1st period - Stopped by Cory Schneider with a rebound.
2:10 of 1st period - Shot by Pierre-Édouard Bellemarre.
2:10 of 1st period - Shot Misses the Net.
2:12 of 1st period - Shot by Marc Staal.
2:12 of 1st period - Shot Blocked by Dan Renouf.
2:20 of 1st period - Shot by Cal Clutterbuck.
2:20 of 1st period - Stopped by Cory Schneider without a rebound.
2:21 of 1st period - Radek Faksa wins face-off versus Cole Cassels in Eagles zone.
2:52 of 1st period - Shot by Matej Paulovic.
2:52 of 1st period - Deflect By Branden Troock.
2:52 of 1st period - Shot Misses the Net.
3:47 of 1st period - Icing by Carl Dahlstrom.
3:48 of 1st period - Tyler Bozak wins face-off versus Paul Byron in Devils zone.
3:48 of 1st period - Cooper Marody is hit by Carl Dahlstrom and loses puck.
3:49 of 1st period - Minor Penalty to Noel Hofenmayer for Elbowing.
3:50 of 1st period - Cole Cassels wins face-off versus Tyler Bozak in Devils zone.
4:03 of 1st period - Brayden Burke is hit by Zach Sanford and loses puck.
4:48 of 1st period - Shot by Marc-Edouard Vlasic.
4:48 of 1st period - Shot Misses the Net.
5:12 of 1st period - Shot by William Lockwood.
5:12 of 1st period - Shot Blocked by Ryan Murphy.
5:22 of 1st period - Shot by Pavel Gogolev.
5:22 of 1st period - Stopped by Cory Schneider without a rebound.
5:23 of 1st period - Tyler Bozak wins face-off versus Pavel Gogolev in Eagles zone.
5:42 of 1st period - Shot by Brett Kulak.
5:42 of 1st period - Shot Misses the Net.
5:44 of 1st period - Shot by Brett Kulak.
5:44 of 1st period - Shot Blocked by Doyle Somerby.
6:04 of 1st period - Shot by Branden Troock.
6:04 of 1st period - Shot Misses the Net.
6:06 of 1st period - Shot by Kris Russell.
6:06 of 1st period - Deflect By Branden Troock.
6:06 of 1st period - Shot Blocked by Samuel Houde.
6:08 of 1st period - Shot by Radek Faksa.
6:08 of 1st period - Goal by Radek Faksa - Devils : 1 - Eagles : 1.
6:09 of 1st period - Pierre-Édouard Bellemarre wins face-off versus David Gustafsson in neutral zone.
6:12 of 1st period - Shot by Cal Clutterbuck.
6:12 of 1st period - Shot Misses the Net.
6:29 of 1st period - Pierre-Édouard Bellemarre is hit by Marc-Edouard Vlasic and loses puck.
6:44 of 1st period - Shot by Cal Clutterbuck.
6:44 of 1st period - Shot Blocked by Marc-Edouard Vlasic.
6:46 of 1st period - Shot by Marc Staal.
6:46 of 1st period - Stopped by Cory Schneider with a rebound.
6:48 of 1st period - Shot by Zach Sanford.
6:48 of 1st period - Shot Hit the Post.
7:16 of 1st period - Shot by Matej Paulovic.
7:16 of 1st period - Shot Misses the Net.
7:18 of 1st period - Shot by Branden Troock.
7:18 of 1st period - Stopped by Carey Price with a rebound.
7:21 of 1st period - Minor Penalty to Noel Hofenmayer for Hooking.
7:22 of 1st period - Cole Cassels wins face-off versus Tyler Bozak in Devils zone.
8:31 of 1st period - Shot by William Lockwood.
8:31 of 1st period - Shot Misses the Net.
8:33 of 1st period - Shot by Leo Komarov.
8:33 of 1st period - Deflect By William Lockwood.
8:33 of 1st period - Shot Misses the Net.
10:00 of 1st period - Icing by Kris Russell.
10:01 of 1st period - Pierre-Édouard Bellemarre wins face-off versus Radek Faksa in Eagles zone.
10:04 of 1st period - Shot by Zach Sanford.
10:04 of 1st period - Stopped by Cory Schneider without a rebound.
10:05 of 1st period - Cole Cassels wins face-off versus Devante Smith-Pelly in Eagles zone.
10:15 of 1st period - Shot by Stefan Fournier.
10:15 of 1st period - Goal by Stefan Fournier - Devils : 2 - Eagles : 1.
10:16 of 1st period - Paul Byron wins face-off versus Tyler Bozak in neutral zone.
10:32 of 1st period - Shot by Brayden Burke.
10:32 of 1st period - Shot Blocked by Marc Staal.
10:34 of 1st period - Shot by Tyler Bozak.
10:34 of 1st period - Goal by Tyler Bozak - Devils : 2 - Eagles : 2.
10:35 of 1st period - Radek Faksa wins face-off versus Pierre-Édouard Bellemarre in neutral zone.
10:46 of 1st period - Shot by Branden Troock.
10:46 of 1st period - Stopped by Carey Price without a rebound.
10:47 of 1st period - Paul Byron wins face-off versus David Gustafsson in Devils zone.
11:08 of 1st period - Leo Komarov is hit by Paul Byron and loses puck.
11:21 of 1st period - Shot by Spencer Foo.
11:21 of 1st period - Shot Blocked by Brett Kulak.
11:47 of 1st period - Shot by Cooper Marody.
11:47 of 1st period - Shot Blocked by Zach Sanford.
12:08 of 1st period - Zach Sanford is hit by Mark Giordano.
12:12 of 1st period - Shot by Zach Sanford.
12:12 of 1st period - Shot Misses the Net.
12:18 of 1st period - Mark Giordano is hit by Cal Clutterbuck and loses puck.
12:56 of 1st period - Shot by Radek Faksa.
12:56 of 1st period - Goal by Radek Faksa - Devils : 2 - Eagles : 3.
12:57 of 1st period - Samuel Houde wins face-off versus Adam Tambellini in neutral zone.
13:24 of 1st period - Shot by Mackenzie MacEachern.
13:24 of 1st period - Shot Blocked by Dan Renouf.
13:26 of 1st period - Shot by Kirill Maksimov.
13:26 of 1st period - Stopped by Cory Schneider with a rebound.
13:28 of 1st period - Shot by Ryan Murphy.
13:28 of 1st period - Shot Blocked by Brett Kulak.
13:46 of 1st period - Dan Renouf is hit by Paul Byron and loses puck.
13:51 of 1st period - Shot by Spencer Foo.
13:51 of 1st period - Stopped by Cory Schneider with a rebound.
13:55 of 1st period - Shot by Pavel Gogolev.
13:55 of 1st period - Stopped by Cory Schneider without a rebound.
13:56 of 1st period - Pierre-Édouard Bellemarre wins face-off versus Radek Faksa in Eagles zone.
14:17 of 1st period - Shot by Matej Paulovic.
14:17 of 1st period - Shot Misses the Net.
14:37 of 1st period - Shot by Radek Faksa.
14:37 of 1st period - Shot Blocked by Doyle Somerby.
14:39 of 1st period - Shot by Marc-Edouard Vlasic.
14:39 of 1st period - Stopped by Carey Price without a rebound.
14:40 of 1st period - Pavel Gogolev wins face-off versus Tyler Bozak in Devils zone.
15:15 of 1st period - Off-side.
15:16 of 1st period - David Gustafsson wins face-off versus Samuel Houde in neutral zone.
15:18 of 1st period - Marc-Edouard Vlasic is hit by Carl Dahlstrom and loses puck.
15:22 of 1st period - Icing by Mackenzie MacEachern.
15:23 of 1st period - Radek Faksa wins face-off versus Samuel Houde in Devils zone.
15:40 of 1st period - Shot by Mackenzie MacEachern.
15:40 of 1st period - Stopped by Cory Schneider with a rebound.
15:48 of 1st period - Shot by Samuel Houde.
15:48 of 1st period - Goal by Samuel Houde - Devils : 3 - Eagles : 3.
15:49 of 1st period - William Lockwood wins face-off versus Pierre-Édouard Bellemarre in neutral zone.
16:28 of 1st period - Shot by David Gustafsson.
16:28 of 1st period - Stopped by Carey Price without a rebound.
16:29 of 1st period - Tyler Bozak wins face-off versus Paul Byron in Devils zone.
16:45 of 1st period - Icing by Doyle Somerby.
16:46 of 1st period - Paul Byron wins face-off versus Radek Faksa in Devils zone.
16:46 of 1st period - Paul Byron is hit by Branden Troock.
16:56 of 1st period - Shot by Spencer Foo.
16:56 of 1st period - Stopped by Cory Schneider without a rebound.
16:57 of 1st period - Pierre-Édouard Bellemarre wins face-off versus Tyler Bozak in Eagles zone.
17:02 of 1st period - Shot by Pierre-Édouard Bellemarre.
17:02 of 1st period - Stopped by Cory Schneider with a rebound.
17:04 of 1st period - Shot by Zach Sanford.
17:04 of 1st period - Deflect By Pierre-Édouard Bellemarre.
17:04 of 1st period - Goal by Pierre-Édouard Bellemarre - Devils : 4 - Eagles : 3.
17:05 of 1st period - David Gustafsson wins face-off versus Pierre-Édouard Bellemarre in neutral zone.
18:02 of 1st period - Marc Staal is hit by Brayden Burke and loses puck.
18:35 of 1st period - Shot by Brayden Burke.
18:35 of 1st period - Stopped by Carey Price without a rebound.
18:36 of 1st period - Radek Faksa wins face-off versus Cole Cassels in Devils zone.
19:49 of 1st period - Shot by Devante Smith-Pelly.
19:49 of 1st period - Shot Misses the Net.
Goals for this period are 4 for Devils vs 3 for Eagles.
Shots for this period are 15 for Devils vs 8 for Eagles.

2nd period


0:01 of 2nd period - Pierre-Édouard Bellemarre wins face-off versus David Gustafsson in neutral zone.
0:24 of 2nd period - Shot by William Lockwood.
0:24 of 2nd period - Shot Misses the Net.
0:26 of 2nd period - Shot by Leo Komarov.
0:26 of 2nd period - Stopped by Carey Price without a rebound.
0:27 of 2nd period - Tyler Bozak wins face-off versus Paul Byron in Devils zone.
1:00 of 2nd period - Shot by Spencer Foo.
1:00 of 2nd period - Stopped by Cory Schneider with a rebound.
1:05 of 2nd period - Icing by Marc-Edouard Vlasic.
1:06 of 2nd period - Pierre-Édouard Bellemarre wins face-off versus Tyler Bozak in Eagles zone.
1:17 of 2nd period - Shot by Tyler Bozak.
1:17 of 2nd period - Deflect By Cooper Marody.
1:17 of 2nd period - Shot Misses the Net.
1:19 of 2nd period - Shot by Cooper Marody.
1:19 of 2nd period - Stopped by Carey Price without a rebound.
1:20 of 2nd period - Samuel Houde wins face-off versus David Gustafsson in Devils zone.
1:22 of 2nd period - Icing by Noel Hofenmayer.
1:23 of 2nd period - David Gustafsson wins face-off versus Samuel Houde in Devils zone.
1:24 of 2nd period - Shot by Dan Renouf.
1:24 of 2nd period - Stopped by Carey Price without a rebound.
1:25 of 2nd period - David Gustafsson wins face-off versus Pierre-Édouard Bellemarre in Devils zone.
2:06 of 2nd period - Ryan Murphy is hit by Brett Kulak and loses puck.
2:19 of 2nd period - Shot by Pavel Gogolev.
2:19 of 2nd period - Shot Hit the Post.
2:53 of 2nd period - Brayden Burke is hit by Paul Byron.
3:11 of 2nd period - Icing by Kris Russell.
3:12 of 2nd period - Tyler Bozak wins face-off versus Samuel Houde in Eagles zone.
3:12 of 2nd period - Tyler Bozak is hit by Kirill Maksimov.
3:39 of 2nd period - Minor Penalty to Matej Paulovic for Roughing.
3:40 of 2nd period - Pierre-Édouard Bellemarre wins face-off versus David Gustafsson in Eagles zone.
3:47 of 2nd period - Shot by Pierre-Édouard Bellemarre.
3:47 of 2nd period - Shot Misses the Net.
3:49 of 2nd period - Shot by Pierre-Édouard Bellemarre.
3:49 of 2nd period - Shot Hit the Post.
3:51 of 2nd period - Shot by Pavel Gogolev.
3:51 of 2nd period - Shot Misses the Net.
3:53 of 2nd period - Shot by Pierre-Édouard Bellemarre.
3:53 of 2nd period - Shot Misses the Net.
3:55 of 2nd period - Shot by Ryan Murphy.
3:55 of 2nd period - Stopped by Cory Schneider without a rebound.
3:56 of 2nd period - David Gustafsson wins face-off versus Pierre-Édouard Bellemarre in Eagles zone.
5:26 of 2nd period - Shot by Pierre-Édouard Bellemarre.
5:26 of 2nd period - Stopped by Cory Schneider without a rebound.
5:27 of 2nd period - Pierre-Édouard Bellemarre wins face-off versus David Gustafsson in Eagles zone.
5:43 of 2nd period - Icing by Carl Dahlstrom.
5:44 of 2nd period - Tyler Bozak wins face-off versus Cole Cassels in Devils zone.
5:44 of 2nd period - Tyler Bozak is hit by Noel Hofenmayer.
6:02 of 2nd period - Shot by Cole Cassels.
6:02 of 2nd period - Stopped by Cory Schneider without a rebound.
6:03 of 2nd period - Pierre-Édouard Bellemarre wins face-off versus Radek Faksa in Eagles zone.
6:14 of 2nd period - Shot by Zach Sanford.
6:14 of 2nd period - Shot Misses the Net.
6:36 of 2nd period - Shot by Zach Sanford.
6:36 of 2nd period - Shot Misses the Net.
6:41 of 2nd period - Icing by Brett Kulak.
6:42 of 2nd period - Radek Faksa wins face-off versus Paul Byron in Eagles zone.
6:42 of 2nd period - Radek Faksa is hit by Spencer Foo.
6:57 of 2nd period - Radek Faksa is hit by Paul Byron and loses puck.
7:02 of 2nd period - Shot by Paul Byron.
7:02 of 2nd period - Stopped by Cory Schneider without a rebound.
7:03 of 2nd period - Samuel Houde wins face-off versus David Gustafsson in Eagles zone.
7:15 of 2nd period - Icing by Marc-Edouard Vlasic.
7:16 of 2nd period - David Gustafsson wins face-off versus Pavel Gogolev in Eagles zone.
7:25 of 2nd period - Shot by David Gustafsson.
7:25 of 2nd period - Shot Misses the Net.
7:27 of 2nd period - Shot by Leo Komarov.
7:27 of 2nd period - Stopped by Carey Price without a rebound.
7:28 of 2nd period - Pierre-Édouard Bellemarre wins face-off versus Tyler Bozak in Devils zone.
7:28 of 2nd period - Pierre-Édouard Bellemarre is hit by Brayden Burke.
7:31 of 2nd period - Dalton Thrower is hit by Cooper Marody and loses puck.
7:55 of 2nd period - Icing by Doyle Somerby.
7:56 of 2nd period - David Gustafsson wins face-off versus Pierre-Édouard Bellemarre in Devils zone.
8:01 of 2nd period - Shot by Leo Komarov.
8:01 of 2nd period - Stopped by Carey Price without a rebound.
8:02 of 2nd period - Paul Byron wins face-off versus David Gustafsson in Devils zone.
8:24 of 2nd period - Off-side.
8:25 of 2nd period - Zach Sanford wins face-off versus Tyler Bozak in neutral zone.
8:43 of 2nd period - Cal Clutterbuck is hit by Brayden Burke and loses puck.
8:48 of 2nd period - Shot by Brayden Burke.
8:48 of 2nd period - Stopped by Carey Price without a rebound.
8:49 of 2nd period - David Gustafsson wins face-off versus Paul Byron in Devils zone.
9:19 of 2nd period - William Lockwood is hit by Marc Staal and loses puck.
9:23 of 2nd period - Minor Penalty to Ryan Murphy for Roughing.
9:24 of 2nd period - Cole Cassels wins face-off versus Tyler Bozak in Devils zone.
9:55 of 2nd period - Icing by Marc-Edouard Vlasic.
9:56 of 2nd period - Tyler Bozak wins face-off versus Cole Cassels in Eagles zone.
10:48 of 2nd period - Off-side.
10:49 of 2nd period - David Gustafsson wins face-off versus Paul Byron in neutral zone.
11:07 of 2nd period - Icing by Brett Kulak.
11:08 of 2nd period - David Gustafsson wins face-off versus Cole Cassels in Eagles zone.
11:35 of 2nd period - Shot by Radek Faksa.
11:35 of 2nd period - Deflect By Branden Troock.
11:35 of 2nd period - Stopped by Carey Price with a rebound.
11:37 of 2nd period - Shot by Matej Paulovic.
11:37 of 2nd period - Shot Misses the Net.
11:39 of 2nd period - Shot by Mark Giordano.
11:39 of 2nd period - Deflect By Branden Troock.
11:39 of 2nd period - Shot Misses the Net.
11:41 of 2nd period - Shot by Marc-Edouard Vlasic.
11:41 of 2nd period - Shot Misses the Net.
11:43 of 2nd period - Shot by Branden Troock.
11:43 of 2nd period - Shot Misses the Net.
11:45 of 2nd period - Shot by Branden Troock.
11:45 of 2nd period - Shot Misses the Net.
11:51 of 2nd period - Shot by Matej Paulovic.
11:51 of 2nd period - Shot Misses the Net.
12:25 of 2nd period - Cooper Marody is hit by Mackenzie MacEachern and loses puck.
13:36 of 2nd period - Icing by Zach Sanford.
13:37 of 2nd period - Pierre-Édouard Bellemarre wins face-off versus Radek Faksa in Devils zone.
13:46 of 2nd period - Shot by Pierre-Édouard Bellemarre.
13:46 of 2nd period - Deflect By Zach Sanford.
13:46 of 2nd period - Shot Misses the Net.
13:48 of 2nd period - Shot by Marc Staal.
13:48 of 2nd period - Shot Blocked by Radek Faksa.
13:50 of 2nd period - Shot by Cal Clutterbuck.
13:50 of 2nd period - Goal by Cal Clutterbuck - Devils : 5 - Eagles : 3.
13:50 of 2nd period - Zane McIntyre enters game.
13:51 of 2nd period - Paul Byron wins face-off versus Tyler Bozak in neutral zone.
13:51 of 2nd period - Paul Byron is hit by Cooper Marody.
13:56 of 2nd period - Pavel Gogolev is hit by Mark Giordano and loses puck.
14:07 of 2nd period - Shot by Brayden Burke.
14:07 of 2nd period - Stopped by Carey Price without a rebound.
14:08 of 2nd period - Radek Faksa wins face-off versus Pierre-Édouard Bellemarre in Devils zone.
14:08 of 2nd period - Radek Faksa is hit by Ryan Murphy.
14:22 of 2nd period - Kris Russell is hit by Cal Clutterbuck and loses puck.
14:44 of 2nd period - Cal Clutterbuck is hit by Nikita Tryamkin and loses puck.
15:16 of 2nd period - David Gustafsson is hit by Dalton Thrower and loses puck.
15:33 of 2nd period - Shot by William Lockwood.
15:33 of 2nd period - Stopped by Carey Price without a rebound.
15:34 of 2nd period - Tyler Bozak wins face-off versus Cole Cassels in Devils zone.
15:59 of 2nd period - Shot by Tyler Bozak.
15:59 of 2nd period - Shot Misses the Net.
16:05 of 2nd period - Shot by Stefan Fournier.
16:05 of 2nd period - Stopped by Zane McIntyre without a rebound.
16:06 of 2nd period - Pierre-Édouard Bellemarre wins face-off versus David Gustafsson in Eagles zone.
16:39 of 2nd period - Shot by David Gustafsson.
16:39 of 2nd period - Stopped by Carey Price with a rebound.
18:03 of 2nd period - Shot by Mackenzie MacEachern.
18:03 of 2nd period - Shot Misses the Net.
18:05 of 2nd period - Shot by Kirill Maksimov.
18:05 of 2nd period - Stopped by Zane McIntyre without a rebound.
18:06 of 2nd period - Radek Faksa wins face-off versus Cole Cassels in Eagles zone.
18:25 of 2nd period - Shot by Branden Troock.
18:25 of 2nd period - Stopped by Carey Price with a rebound.
18:29 of 2nd period - Shot by Matej Paulovic.
18:29 of 2nd period - Shot Misses the Net.
19:30 of 2nd period - Off-side.
19:31 of 2nd period - Spencer Foo wins face-off versus Tyler Bozak in neutral zone.
19:54 of 2nd period - Brayden Burke is hit by Paul Byron and loses puck.
Goals for this period are 1 for Devils vs 0 for Eagles.
Shots for this period are 8 for Devils vs 11 for Eagles.

3rd period


0:01 of 3rd period - David Gustafsson wins face-off versus Pierre-Édouard Bellemarre in neutral zone.
0:01 of 3rd period - Brett Kulak is hit by Cal Clutterbuck and loses puck.
0:13 of 3rd period - Icing by Dan Renouf.
0:14 of 3rd period - Paul Byron wins face-off versus David Gustafsson in Eagles zone.
0:45 of 3rd period - Shot by David Gustafsson.
0:45 of 3rd period - Stopped by Carey Price without a rebound.
0:46 of 3rd period - Pierre-Édouard Bellemarre wins face-off versus Tyler Bozak in Devils zone.
1:08 of 3rd period - Minor Penalty to Pierre-Édouard Bellemarre for Tripping.
1:09 of 3rd period - David Gustafsson wins face-off versus Cole Cassels in Devils zone.
1:09 of 3rd period - Leo Komarov is hit by Doyle Somerby and loses puck.
1:12 of 3rd period - Shot by Leo Komarov.
1:12 of 3rd period - Stopped by Carey Price without a rebound.
1:13 of 3rd period - David Gustafsson wins face-off versus Cole Cassels in Devils zone.
1:18 of 3rd period - Shot by Brett Kulak.
1:18 of 3rd period - Shot Blocked by Ryan Murphy.
1:49 of 3rd period - Shot by Dan Renouf.
1:49 of 3rd period - Stopped by Carey Price with a rebound.
2:25 of 3rd period - Shot by Tyler Bozak.
2:25 of 3rd period - Stopped by Carey Price without a rebound.
2:26 of 3rd period - Cole Cassels wins face-off versus William Lockwood in Devils zone.
3:17 of 3rd period - Shot by Matej Paulovic.
3:17 of 3rd period - Stopped by Carey Price without a rebound.
3:18 of 3rd period - Brayden Burke wins face-off versus Pierre-Édouard Bellemarre in Devils zone.
3:59 of 3rd period - Shot by Marc-Edouard Vlasic.
3:59 of 3rd period - Shot Misses the Net.
4:01 of 3rd period - Shot by Mark Giordano.
4:01 of 3rd period - Shot Blocked by Doyle Somerby.
4:37 of 3rd period - Shot by Kirill Maksimov.
4:37 of 3rd period - Shot Misses the Net.
4:39 of 3rd period - Shot by Kirill Maksimov.
4:39 of 3rd period - Shot Misses the Net.
4:41 of 3rd period - Shot by Noel Hofenmayer.
4:41 of 3rd period - Stopped by Zane McIntyre without a rebound.
4:42 of 3rd period - Paul Byron wins face-off versus Adam Tambellini in Eagles zone.
5:01 of 3rd period - Brett Kulak is hit by Paul Byron and loses puck.
5:19 of 3rd period - Devante Smith-Pelly is hit by Marc Staal and loses puck.
5:52 of 3rd period - Cooper Marody is hit by Carl Dahlstrom and loses puck.
6:21 of 3rd period - Shot by Cooper Marody.
6:21 of 3rd period - Stopped by Carey Price with a rebound.
6:37 of 3rd period - Shot by Branden Troock.
6:37 of 3rd period - Stopped by Carey Price without a rebound.
6:38 of 3rd period - Radek Faksa wins face-off versus Pierre-Édouard Bellemarre in Devils zone.
6:38 of 3rd period - Radek Faksa is hit by Doyle Somerby.
6:42 of 3rd period - Shot by Branden Troock.
6:42 of 3rd period - Stopped by Carey Price with a rebound.
6:44 of 3rd period - Shot by Radek Faksa.
6:44 of 3rd period - Shot Blocked by Doyle Somerby.
6:46 of 3rd period - Shot by Radek Faksa.
6:46 of 3rd period - Shot Misses the Net.
6:48 of 3rd period - Shot by Kris Russell.
6:48 of 3rd period - Stopped by Carey Price with a rebound.
7:02 of 3rd period - Shot by Cal Clutterbuck.
7:02 of 3rd period - Stopped by Zane McIntyre without a rebound.
7:03 of 3rd period - David Gustafsson wins face-off versus Paul Byron in Eagles zone.
7:03 of 3rd period - David Gustafsson is hit by Spencer Foo.
7:13 of 3rd period - Shot by David Gustafsson.
7:13 of 3rd period - Stopped by Carey Price with a rebound.
7:15 of 3rd period - Shot by Leo Komarov.
7:15 of 3rd period - Goal by Leo Komarov - Devils : 5 - Eagles : 4.
7:16 of 3rd period - Tyler Bozak wins face-off versus Pierre-Édouard Bellemarre in neutral zone.
7:16 of 3rd period - Brayden Burke is hit by Cal Clutterbuck and loses puck.
7:28 of 3rd period - Cooper Marody is hit by Doyle Somerby and loses puck.
7:32 of 3rd period - Tyler Bozak is hit by Doyle Somerby and loses puck.
7:39 of 3rd period - Shot by Cooper Marody.
7:39 of 3rd period - Stopped by Carey Price without a rebound.
7:40 of 3rd period - William Lockwood wins face-off versus Paul Byron in Devils zone.
7:45 of 3rd period - Shot by David Gustafsson.
7:45 of 3rd period - Shot Misses the Net.
7:47 of 3rd period - Shot by David Gustafsson.
7:47 of 3rd period - Shot Misses the Net.
7:49 of 3rd period - Shot by Leo Komarov.
7:49 of 3rd period - Shot Misses the Net.
9:11 of 3rd period - Shot by Pierre-Édouard Bellemarre.
9:11 of 3rd period - Shot Misses the Net.
9:13 of 3rd period - Shot by Zach Sanford.
9:13 of 3rd period - Stopped by Zane McIntyre without a rebound.
9:14 of 3rd period - Samuel Houde wins face-off versus Radek Faksa in Eagles zone.
9:53 of 3rd period - Shot by Matej Paulovic.
9:53 of 3rd period - Shot Misses the Net.
10:13 of 3rd period - Icing by Brett Kulak.
10:14 of 3rd period - Adam Tambellini wins face-off versus Pierre-Édouard Bellemarre in Eagles zone.
10:14 of 3rd period - Adam Tambellini is hit by Cal Clutterbuck.
10:39 of 3rd period - Shot by Pierre-Édouard Bellemarre.
10:39 of 3rd period - Shot Misses the Net.
10:41 of 3rd period - Shot by Pierre-Édouard Bellemarre.
10:41 of 3rd period - Stopped by Zane McIntyre with a rebound.
10:53 of 3rd period - Shot by Zach Sanford.
10:53 of 3rd period - Shot Blocked by Dan Renouf.
10:55 of 3rd period - Shot by Zach Sanford.
10:55 of 3rd period - Shot Blocked by Dan Renouf.
11:05 of 3rd period - Pavel Gogolev is hit by David Gustafsson and loses puck.
12:13 of 3rd period - Shot by Branden Troock.
12:13 of 3rd period - Stopped by Carey Price without a rebound.
12:14 of 3rd period - Branden Troock wins face-off versus Samuel Houde in Devils zone.
12:24 of 3rd period - Shot by Kirill Maksimov.
12:24 of 3rd period - Stopped by Zane McIntyre without a rebound.
12:25 of 3rd period - David Gustafsson wins face-off versus Pierre-Édouard Bellemarre in Eagles zone.
12:49 of 3rd period - Leo Komarov is hit by Doyle Somerby and loses puck.
13:16 of 3rd period - Shot by Samuel Houde.
13:16 of 3rd period - Shot Blocked by Mark Giordano.
13:43 of 3rd period - Shot by Mackenzie MacEachern.
13:43 of 3rd period - Shot Blocked by Matej Paulovic.
14:25 of 3rd period - Shot by Cooper Marody.
14:25 of 3rd period - Shot Blocked by Stefan Fournier.
15:01 of 3rd period - Leo Komarov is hit by Eric Robinson and loses puck.
15:18 of 3rd period - Shot by Leo Komarov.
15:18 of 3rd period - Stopped by Carey Price without a rebound.
15:19 of 3rd period - Pierre-Édouard Bellemarre wins face-off versus Adam Tambellini in Devils zone.
15:23 of 3rd period - Icing by Zach Sanford.
15:24 of 3rd period - David Gustafsson wins face-off versus Pierre-Édouard Bellemarre in Devils zone.
16:09 of 3rd period - Minor Penalty to Cal Clutterbuck for High sticking.
16:10 of 3rd period - Paul Byron wins face-off versus Tyler Bozak in Devils zone.
16:10 of 3rd period - Paul Byron is hit by Brayden Burke.
16:24 of 3rd period - Shot by Zach Sanford.
16:24 of 3rd period - Shot Misses the Net.
16:34 of 3rd period - Shot by Brett Kulak.
16:34 of 3rd period - Shot Misses the Net.
16:36 of 3rd period - Shot by Brett Kulak.
16:36 of 3rd period - Shot Misses the Net.
17:08 of 3rd period - Shot by Marc-Edouard Vlasic.
17:08 of 3rd period - Shot Hit the Post.
17:10 of 3rd period - Shot by Mark Giordano.
17:10 of 3rd period - Stopped by Carey Price without a rebound.
17:11 of 3rd period - Paul Byron wins face-off versus Sebastien Reppo in Devils zone.
17:11 of 3rd period - Paul Byron is hit by William Lockwood.
17:38 of 3rd period - Shot by Leo Komarov.
17:38 of 3rd period - Stopped by Carey Price without a rebound.
17:39 of 3rd period - Cole Cassels wins face-off versus Tyler Bozak in Devils zone.
18:24 of 3rd period - Shot by Kirill Maksimov.
18:24 of 3rd period - Shot Misses the Net.
18:34 of 3rd period - Shot by Branden Troock.
18:34 of 3rd period - Stopped by Carey Price without a rebound.
18:35 of 3rd period - David Gustafsson wins face-off versus Paul Byron in Devils zone.
18:47 of 3rd period - David Gustafsson is hit by Ryan Murphy and loses puck.
19:15 of 3rd period - Icing by Ryan Murphy.
19:16 of 3rd period - Paul Byron wins face-off versus Leo Komarov in Devils zone.
19:29 of 3rd period - Pierre-Édouard Bellemarre is hit by William Lockwood and loses puck.
19:43 of 3rd period - Eagles, Zane McIntyre is pulled from the net.
19:43 of 3rd period - Shot by William Lockwood.
19:43 of 3rd period - Shot Blocked by Ryan Murphy.
19:46 of 3rd period - Icing by Ryan Murphy.
19:47 of 3rd period - Pierre-Édouard Bellemarre wins face-off versus Sebastien Reppo in Devils zone.
19:52 of 3rd period - Brett Kulak is hit by Zach Sanford and loses puck.
Goals for this period are 0 for Devils vs 1 for Eagles.
Shots for this period are 5 for Devils vs 17 for Eagles.